[Event "*** Titled Tuesday Blitz"]
[Site "Chess.com"]
[Date "2018.10.02"]
[Round "8"]
[White "BilodeauA"]
[Black "petrpalachev"]
[Result "0-1"]
[WhiteElo "2875"]
[BlackElo "2807"]
[TimeControl "180+2"]
[EndTime "14:43:33 PDT"]
[Termination "petrpalachev won by checkmate"]

1. d4 d5 2. Nc3 Nf6 3. Bf4 a6 4. e3 Bf5 5. f3 h5 6. Bd3 Bxd3 7. Qxd3 e6 8. Nge2 c5 9. e4 cxd4 10. Nxd4 dxe4 11. Nxe4 Nd5 12. Bg5 Be7 13. h4 Nb4 14. Qb3 Qxd4 15. Bxe7 Kxe7 16. Rd1 Qb6 17. c3 f5 18. Ng5 Nd5 19. Qa3+ Kf6 20. Rd4 Nc6 21. Rxd5 Qe3+ 22. Kd1 Rad8 23. Rxd8 Rxd8+ 24. Kc2 Rd2+ 25. Kb3 Qb6+ 26. Kc4 Qb5# 0-1

[Event "*** Titled Tuesday Blitz"]
[Site "Chess.com"]
[Date "2018.10.02"]
[Round "8"]
[White "bascheyaro"]
[Black "Maikrosoft63"]
[Result "0-1"]
[WhiteElo "2678"]
[BlackElo "2574"]
[TimeControl "180+2"]
[EndTime "14:43:33 PDT"]
[Termination "Maikrosoft63 won by resignation"]

1. d4 Nf6 2. Nf3 e6 3. c4 a6 4.
Nc3 d5 5. cxd5 exd5 6. Bg5 Be6 7. e3 Nbd7 8. Qc2 h6 9. Bh4 g5 10. Bg3 Nh5 11. Be5 Ng7 12. Bd3 c6 13. a3 g4 14. Nd2 Nxe5 15. dxe5 Qg5 16. Qb3 O-O-O 17. Qa4 Qxe5 18. Nb3 Nf5 19. Bxa6 bxa6 20. Qxa6+ Kd7 21.
O-O-O Be7 22. e4 Ra8 23. Qb7+ Qc7 24. Qxc7+ Kxc7 25. exf5 Bxf5 26. Rhe1 Bg5+ 27. Nd2 Rhe8 28. g3 d4 29. Ne2 Re5 30. b3 Rc5+ 0-1

[Event "*** Titled Tuesday Blitz"]
[Site "Chess.com"]
[Date "2018.10.02"]
[Round "8"]
[White "maciek_92"]
[Black "Quiet_Desperation"]
[Result "1-0"]
[WhiteElo "2624"]
[BlackElo "1942"]
[TimeControl "180+2"]
[EndTime "14:43:39 PDT"]
[Termination "maciek_92 won by resignation"]

1. c4 e6 2. Nc3 Nf6 3. d4 Bb4 4. e3 b6 5. Bd3 Bb7 6. Nf3 O-O 7.
O-O d5 8. a3 Be7 9. cxd5 Nxd5 10.
e4 Nxc3 11. bxc3 c5 12. Qe2 Nc6 13. Bb2 Rc8 14. Rad1 cxd4 15. cxd4 Na5 16. Rfe1 Qd7 17. d5 Qa4 18. Nd4 Nc4 19. Ba1 exd5 20. e5 g6 21. Nf5 gxf5 22. Bxf5 Rc6 23. e6 Rxe6 24. Bxe6 fxe6 25.
Qg4+ 1-0

[Event "*** Titled Tuesday Blitz"]
[Site "Chess.com"]
[Date "2018.10.02"]
[Round "8"]
[White "dmosesov"]
[Black "ddtru"]
[Result "1-0"]
[WhiteElo "2310"]
[BlackElo "2219"]
[TimeControl "180+2"]
[EndTime "14:43:39 PDT"]
[Termination "dmosesov won by resignation"]

1. e4 c5 2. Nf3 e6 3. d4 cxd4 4. Nxd4 Nc6 5. Nc3 Qc7 6. Be3 a6 7. Be2 Nf6 8. O-O d6 9. Kh1 Be7 10. f4 O-O 11. Qe1 Nxd4 12. Bxd4 b5 13. a3 Bb7 14.
Bf3 Rad8 15. Qg3 Rfe8 16. Rae1 Rd7 17. e5 dxe5 18. Bxe5 Qb6 19. Bxb7 Qxb7 20. f5 exf5 21. Bxf6 g6 22. Qf4 Rdd8 23. Rxe7 Rxe7 24. Qh6 1-0

[Event "*** Titled Tuesday Blitz"]
[Site "Chess.com"]
[Date "2018.10.02"]
[Round "8"]
[White "WPWPWP-2015"]
[Black "Phelathegreat"]
[Result "0-1"]
[WhiteElo "2257"]
[BlackElo "2315"]
[TimeControl "180+2"]
[EndTime "14:43:43 PDT"]
[Termination "Phelathegreat won by resignation"]

1. d4 Nf6 2. c4 e6 3. Nc3 d5 4.
Nf3 Be7 5. Bf4 c6 6. e3 Nbd7 7.
Bd3 dxc4 8. Bxc4 b5 9. Bb3 Bb7 10. O-O a6 11. a4 b4 12. Nb1 c5 13. Nbd2 O-O 14. Rc1 Rc8 15. Nc4 Ne4 16. h3 Ndf6 17.
Nfe5 cxd4 18. exd4 Nd5 19. Bh2 Bg5 20. Rc2 Bf4 21. g3 Bh6 22. f4 g6 23. Qd3 f5 24. Re1 Bg7 25. g4 Qh4 26. Rxe4 fxe4 27. Qg3 Qxg3+ 28. Bxg3 Nxf4 29. Rd2 Bd5 30. Nb6 Rc1+ 31.
Kh2 Bxb3 32. Nbd7 e3 0-1

[Event "*** Titled Tuesday Blitz"]
[Site "Chess.com"]
[Date "2018.10.02"]
[Round "8"]
[White "Last7Samurai"]
[Black "cool4chess"]
[Result "1-0"]
[WhiteElo "2734"]
[BlackElo "2190"]
[TimeControl "180+2"]
[EndTime "14:43:56 PDT"]
[Termination "Last7Samurai won by resignation"]

1. e4 e5 2. Nf3 Nc6 3. Bb5 a6 4. Ba4 Nf6 5. O-O Be7 6. Re1 b5 7. Bb3 d6 8. c3 O-O 9. h3 Bb7 10. d4 Nd7 11. Nbd2 exd4 12. cxd4 Bf6 13. Nf1 Na5 14. Bc2 Re8 15. Ng3 g6 16. Nh2 c5 17. d5 h5 18. Nxh5 gxh5 19. Qxh5 Bg7 20. Bg5 Re5 21. Bxd8 Rxh5 22. Bxa5 Bxb2 23. Rad1 Bf6 24.
Ng4 Be7 25. Bd2 Bg5 26. Bxg5 Rxg5 27. Nh6+ Kh7 28. Nf5 Rg6 29. f4 Kh8 30. e5 dxe5 31. fxe5 Re8 32. Nd6 Nxe5 33. Nxf7+ Kg7 34. Bxg6 Nxg6 1-0

[Event "*** Titled Tuesday Blitz"]
[Site "Chess.com"]
[Date "2018.10.02"]
[Round "8"]
[White "hypert"]
[Black "BillForster"]
[Result "1-0"]
[WhiteElo "2307"]
[BlackElo "1691"]
[TimeControl "180+2"]
[EndTime "14:44:15 PDT"]
[Termination "hypert won by resignation"]

1. Nf3 d5 2. c4 c6 3. d4 Nf6 4.
Nc3 e6 5. Bg5 dxc4 6. e4 b5 7.
e5 h6 8. Bh4 g5 9. Bg3 Nd5 10.
Be2 Nd7 11. Nd2 Bb7 12. Bh5 Qb6 13. Nde4 Nf4 14. Bxf4 gxf4 15. O-O b4 16. Ne2 O-O-O 17. Bxf7 Nxe5 18. Bxe6+ Kb8 19. Qc2 Ng6 20. Bxc4 c5 21.
Nxc5 f3 22. Nxb7 fxg2 23. Nxd8 gxf1=Q+ 24. Kxf1 Qxd8 25. Qxg6 1-0

[Event "*** Titled Tuesday Blitz"]
[Site "Chess.com"]
[Date "2018.10.02"]
[Round "8"]
[White "017290"]
[Black "Kawhi_Leonard2"]
[Result "0-1"]
[WhiteElo "2274"]
[BlackElo "2277"]
[TimeControl "180+2"]
[EndTime "14:44:19 PDT"]
[Termination "Kawhi_Leonard2 won by checkmate"]

1. e4 c5 2. Nf3 d6 3. c3 Nf6 4. e5 Nd5 5. d4 cxd4 6. cxd4 e6 7. Nc3 Nxc3 8. bxc3 Nc6 9. exd6 Bxd6 10. Bd3 b6 11. O-O Bb7 12. Re1 Ne7 13. Rb1 Rc8 14.
Qa4+ Qd7 15. Qxa7 Bxf3 16. Qxd7+ Kxd7 17. gxf3 Rxc3 18. Bb5+ Kc7 19. Be3 Nd5 20. Rec1 Kb7 21. a4 Rhc8 22. Re1 Bf4 23. a5 Nxe3 24. fxe3 Bxe3+ 25. Rxe3 Rxe3 26. Kf2 Rcc3 27. Be2 Rb3 28.
a6+ Ka7 29. Rd1 b5 30. d5 exd5 31. Rxd5 Kxa6 32. Rd7 Re5 33. Rxf7 Rb2 34. Rxg7 Rexe2+ 35. Kf1 Rxh2 36. Kg1 Rhc2 37. Kh1 Rb1+ 38. Rg1 Rxg1+ 39. Kxg1 b4 40. f4 b3 41. f5 b2 42. f6 b1=Q# 0-1

[Event "*** Titled Tuesday Blitz"]
[Site "Chess.com"]
[Date "2018.10.02"]
[Round "8"]
[White "Kirill_Klukin"]
[Black "woodhy"]
[Result "1-0"]
[WhiteElo "2606"]
[BlackElo "2413"]
[TimeControl "180+2"]
[EndTime "14:44:25 PDT"]
[Termination "Kirill_Klukin won by checkmate"]

1. Nf3 c5 2. c4 Nc6 3. Nc3 Nf6 4. g3 e5 5. Bg2 d6 6. O-O Be6 7. d3 d5 8. Ng5 Be7 9. Nxe6 fxe6 10. cxd5 exd5 11.
Qb3 Nd4 12. Qxb7 O-O 13. e3 Nc2 14. Nxd5 Nxa1 15. Nxe7+ Kh8 16. Qxa8 Qxe7 17. Qc6 Nc2 18. Bd2 Rd8 19. Rc1 Nb4 20. Qxc5 Qxc5 21. Rxc5 Nxd3 22.
Rc7 Nxb2 23. Bc3 Rd1+ 24. Bf1 Nd3 25. Rc8+ Ng8 26. Kg2 Nc1 27. Bc4 h5 28. Bxg8 Rd6 29. Bxe5 Rd2 30. Be6+ Kh7 31. Bf5+ Kh6 32. Rc6+ Kg5 33. e4 Nd3 34. Rg6# 1-0

[Event "*** Titled Tuesday Blitz"]
[Site "Chess.com"]
[Date "2018.10.02"]
[Round "8"]
[White "severomorskij"]
[Black "kasparik_garik"]
[Result "1-0"]
[WhiteElo "2690"]
[BlackElo "2556"]
[TimeControl "180+2"]
[EndTime "14:44:32 PDT"]
[Termination "severomorskij won by resignation"]

1. d4 Nf6 2. Bg5 e6 3. e4 h6 4. Bxf6 Qxf6 5. c3 d5 6. Nd2 dxe4 7. Nxe4 Qd8 8. Nf3 Bd6 9. Bd3 Nd7 10. Qe2 Nf6 11. O-O-O Nxe4 12. Qxe4 Bd7 13. Ne5 Bxe5 14. dxe5 Qe7 15. Qxb7 O-O 16. Qxc7 Rac8 17. Qxd7 Qxd7 18. Bh7+ Kxh7 19. Rxd7 a5 20. Kc2 g5 21. h4 Kg6 22.
g4 gxh4 23. Rxh4 Rc4 24. Rd4 Rfc8 25. Rxc4 Rxc4 26. f3 Rc5 27. Rh5 Rd5 28. b3 Rd8 29. a4 Rd7 30. b4 axb4 31. cxb4 Rd4 32. Kc3 Rf4 33. Rh3 1-0

[Event "*** Titled Tuesday Blitz"]
[Site "Chess.com"]
[Date "2018.10.02"]
[Round "8"]
[White "Blagorod"]
[Black "evgenysharapov"]
[Result "0-1"]
[WhiteElo "2050"]
[BlackElo "2444"]
[TimeControl "180+2"]
[EndTime "14:44:33 PDT"]
[Termination "evgenysharapov won by resignation"]

1. e4 c5 2. Nc3 Nc6 3. g3 g6 4. Bg2 Bg7 5. d3 e5 6. Nh3 Nge7 7. O-O O-O 8. f4 d6 9. f5 f6 10. fxg6 hxg6 11. Be3 Nd4 12. Qd2 Kh7 13. Ne2 Bg4 14. Nc1 Qd7 15. Nf2 Nf3+ 16. Bxf3 Bxf3 17. Ne2 f5 18. exf5 gxf5 19. Nh3 Bg4 20. Ng5+ Kg6 21. h3 Bxe2 22. Qxe2 Bf6 23. h4 Rh8 24. Qf3 d5 25. g4 Rxh4 26. gxf5+ Qxf5 27. Qxf5+ Nxf5 28. Nf3 Nxe3 29. Nxh4+ Bxh4 30. Rf3 Nxc2 31. Rc1 Nd4 32. Rh3 Ne2+ 33. Kh2 Nxc1 34. Rxh4 Nxd3 0-1

[Event "*** Titled Tuesday Blitz"]
[Site "Chess.com"]
[Date "2018.10.02"]
[Round "8"]
[White "Alopekos"]
[Black "2165149677570"]
[Result "1-0"]
[WhiteElo "2441"]
[BlackElo "2334"]
[TimeControl "180+2"]
[EndTime "14:44:40 PDT"]
[Termination "Alopekos won by resignation"]

1. e4 g6 2. d4 Nf6 3. Nc3 d5 4. exd5 Nxd5 5. Nxd5 Qxd5 6. Nf3 Bg7 7. Be2 O-O 8. O-O Bf5 9. c4 Qd6 10. Be3 c6 11. Qb3 Qc7 12. Rfd1 Nd7 13. Rac1 Rfd8 14.
h3 e5 15. d5 c5 16. g4 Be4 17.
Ng5 f5 18. f3 Bxf3 19. Ne6 Qd6 20. Bxf3 e4 21. Bg2 Re8 22. gxf5 gxf5 23. Rf1 Rxe6 24.
dxe6 Qxe6 25. Qxb7 Rf8 26. Qd5 Qxd5 27. cxd5 Ne5 28. Rxc5 Nd3 29. Rc7 f4 30. Bxe4 fxe3 31. Rxf8+ 1-0

[Event "*** Titled Tuesday Blitz"]
[Site "Chess.com"]
[Date "2018.10.02"]
[Round "8"]
[White "Benek77"]
[Black "FMJoseHerrera"]
[Result "0-1"]
[WhiteElo "2590"]
[BlackElo "2535"]
[TimeControl "180+2"]
[EndTime "14:45:00 PDT"]
[Termination "FMJoseHerrera won by resignation"]

1. e4 c5 2. Nf3 e6 3. d4 cxd4 4. Nxd4 a6 5. Nc3 Qc7 6. Bd3 b5 7. O-O d6 8. Be3 Nd7 9. a4 b4 10. Nb1 Ngf6 11. Nd2 Bb7 12. a5 Be7 13. f3 h5 14. Nc4 h4 15. Qd2 h3 16. g3 Rc8 17. Nb6 Nxb6 18. axb6 Qb8 19. Bxa6 Bxa6 20. Rxa6 d5 21. Bf4 e5 22. Nf5 exf4 23. Nxe7 Kxe7 24. Qxb4+ Qd6 25. Ra7+ Nd7 26. Qa4 Qxb6+ 27. Kh1 Qc6 28. Qa3+ Qc5 29. Qa4 Qc6 30. Qa3+ Qd6 31. Qa4 fxg3 32.
hxg3 Rhd8 33. Rd1 Qxg3 34. Qa3+ Ke8 35. Rg1 Qe5 36. exd5 Rxc2 37. Rg3 Qxg3 0-1

[Event "*** Titled Tuesday Blitz"]
[Site "Chess.com"]
[Date "2018.10.02"]
[Round "8"]
[White "ChristopherYoo"]
[Black "Alex_Terzi"]
[Result "1-0"]
[WhiteElo "2370"]
[BlackElo "2454"]
[TimeControl "180+2"]
[EndTime "14:45:00 PDT"]
[Termination "ChristopherYoo won by checkmate"]

1. e4 e6 2. d4 d5 3. Nc3 Bb4 4.
e5 Ne7 5. a3 Bxc3+ 6. bxc3 c5 7. Qg4 Qc7 8. Qxg7 Rg8 9. Qxh7 cxd4 10. Ne2 Nbc6 11. f4 dxc3 12. Qd3 d4 13. Nxd4 Nxd4 14.
Qxd4 Bd7 15. Rg1 Nf5 16. Qf2 Qc6 17. Bd3 Qd5 18. Be3 Bc6 19. g4 Ne7 20. Bc5 Ng6 21.
Bd6 b6 22. h4 Ne7 23. f5 exf5 24. gxf5 Kd7 25. f6 Rxg1+ 26. Qxg1 Rg8 27. Qf1 Qd4 28.
O-O-O Qe3+ 29. Kb1 Nd5 30. Bf5+ Ke8 31. Qc4 Bb7 32. Qb5+ Kd8 33. Qd7# 1-0

[Event "*** Titled Tuesday Blitz"]
[Site "Chess.com"]
[Date "2018.10.02"]
[Round "8"]
[White "Buffy7"]
[Black "Fins0905"]
[Result "1-0"]
[WhiteElo "2653"]
[BlackElo "2578"]
[TimeControl "180+2"]
[EndTime "14:45:04 PDT"]
[Termination "Buffy7 won by checkmate"]

1. e4 d5 2. exd5 Qxd5 3. Nc3 Qd8 4. Nf3 Nf6 5. Bc4 a6 6. Ne5 e6 7. d4 Nbd7 8. Bf4 Nxe5 9. Bxe5 Bd6 10. Qf3 Bxe5 11.
dxe5 Nd7 12. Qg3 O-O 13. O-O-O Qe7 14. Bd3 b5 15. Be4 Rb8 16. f4 b4 17. Ne2 Nc5 18.
Bf3 Bd7 19. Nd4 a5 20. Rhe1 a4 21. h4 Rb6 22. Qg5 Qe8 23. h5 h6 24. Qg4 b3 25. cxb3 axb3 26. a3 Na4 27. Re3 c5 28. Be4 Kh8 29. Rg3 Rg8 30. f5 cxd4 31. f6 gxf6 32.
Qf4 Qf8 33. Qxf6+ Rg7 34. Qxh6+ Kg8 35. Qh7# 1-0

[Event "*** Titled Tuesday Blitz"]
[Site "Chess.com"]
[Date "2018.10.02"]
[Round "8"]
[White "StoreySniper"]
[Black "aquaticpineapples"]
[Result "1-0"]
[WhiteElo "2413"]
[BlackElo "2030"]
[TimeControl "180+2"]
[EndTime "14:45:04 PDT"]
[Termination "StoreySniper won by resignation"]

1. e4 d5 2. exd5 Qxd5 3. Nc3 Qa5 4. Bc4 Nf6 5. d3 c6 6. Bd2 Qc7 7. Qe2 g6 8. Nf3 Bg7 9. O-O-O O-O 10. Ne5 b5 11. Bb3 a5 12. a4 bxa4 13. Nxa4 Na6 14. Rhe1 Rb8 15. Bc4 Nb4 16. Nxf7 Rxf7 17. Bxf7+ Kxf7 18. Nc5 Nbd5 19. c4 Qb6 20. Na4 Qb3 21. cxd5 Nxd5 22.
Bc3 Bxc3 23. Nxc3 Nxc3 24. Qxe7+ Kg8 25. Qd8+ Kg7 26. Qd4+ Kh6 27. Qh4+ Kg7 28. Re7+ Qf7 29. Rxf7+ Kxf7 30. Qxh7+ Kf6 31. bxc3 Bf5 32. Re1 Rb7 33.
Qxb7 Kg5 34. Qe7+ 1-0

[Event "*** Titled Tuesday Blitz"]
[Site "Chess.com"]
[Date "2018.10.02"]
[Round "8"]
[White "senecacrane"]
[Black "chenrip"]
[Result "0-1"]
[WhiteElo "2169"]
[BlackElo "2387"]
[TimeControl "180+2"]
[EndTime "14:45:04 PDT"]
[Termination "chenrip won by resignation"]

1. Nf3 d5 2. e3 c5 3. d4 Nc6 4. c4 cxd4 5. exd4 Nf6 6. Nc3 Bg4 7.
Bg5 Ne4 8. cxd5 Nxg5 9. dxc6 bxc6 10. Be2 Nxf3+ 11. Bxf3 Bxf3 12. Qxf3 Qd7 13. O-O e6 14. Rac1 Be7 15. Ne4 O-O 16. Nc5 Qxd4 17. Qxc6 Rac8 18. Nxe6 Rxc6 19. Nxd4 Ra6 20. Nc6 Bf6 21. b4 Rxa2 22. Rfd1 g6 23. Rd7 a6 24. Ra7 Kg7 25. b5 Rc8 26. Rxa6 Rb2 27. b6 Rxc6 28. Rd1 Rcxb6 29. Ra7 Rb1 30. Rd7 Rxd1+ 31. Rxd1 Rb2 32. f3 h5 33. h3 Bh4 34. Kh2 Bg5 35. Rd4 Be3 36. Re4 Bf2 37. Rc4 h4 38. Re4 Bg3+ 0-1

[Event "*** Titled Tuesday Blitz"]
[Site "Chess.com"]
[Date "2018.10.02"]
[Round "8"]
[White "tteshan"]
[Black "Synctel"]
[Result "0-1"]
[WhiteElo "2017"]
[BlackElo "1999"]
[TimeControl "180+2"]
[EndTime "14:45:13 PDT"]
[Termination "Synctel won by checkmate"]

1. d4 d5 2. c4 c6 3. Nc3 Nf6 4.
e3 e6 5. Nf3 Nbd7 6. Bd3 Bd6 7.
O-O O-O 8. e4 dxe4 9. Nxe4 Nxe4 10. Bxe4 e5 11. Bxh7+ Kxh7 12. Ng5+ Kg8 13. Qh5 Nf6 14.
Qh4 exd4 15. Nf3 c5 16. Bg5 Be7 17. Rfe1 Bf5 18. Re5 Bg6 19. Rae1 Bd6 20. Bxf6 Qxf6 21. Rg5 Rae8 22. Rd1 Re4 23. Qh3 Rfe8 24. b3 Rf4 25. Rd5 Be4 26. Rh5 g6 27. Rh4 Bxf3 28. gxf3 Rxh4 29.
Qd7 Bxh2+ 30. Kg2 Qg5+ 31. Kf1 Qg1# 0-1

[Event "*** Titled Tuesday Blitz"]
[Site "Chess.com"]
[Date "2018.10.02"]
[Round "8"]
[White "kleinebeer98"]
[Black "Jospem"]
[Result "1-0"]
[WhiteElo "2587"]
[BlackElo "2728"]
[TimeControl "180+2"]
[EndTime "14:45:41 PDT"]
[Termination "kleinebeer98 won by resignation"]

1. e4 c5 2. Nf3 d6 3. d4 cxd4 4. Nxd4 Nf6 5. Nc3 a6 6. Be3 e5 7. Nb3 Be6 8. f3 h5 9. Nd5 Nbd7 10. c4 Bxd5 11. cxd5 g6 12. Qd2 a5 13. a4 Be7 14.
Bb5 O-O 15. O-O Kh7 16. Kh1 h4 17. Rac1 Nh5 18. Rc3 Rh8 19. Rfc1 Kg8 20. Rc7 Nc5 21. R1xc5 dxc5 22. Rd7 Qf8 23. d6 Bf6 24. Bc4 Rh7 25. Rxb7 Rd8 26. Bxc5 Nf4 27. Nxa5 Rc8 28. b4 Bg5 29. d7 Rxc5 30. bxc5 Ne6 31. Qd5 h3 32. g3 Bd8 33. Nc6 Qh6 34. Qd1 Qe3 35. Nxd8 Nxd8 36. Rb8 Qf2 37. Rxd8+ Kg7 38. Rg8+ Kh6 39. Qf1 Qxc5 40. d8=Q Qg1+ 1-0

[Event "*** Titled Tuesday Blitz"]
[Site "Chess.com"]
[Date "2018.10.02"]
[Round "8"]
[White "GCamachoMartinez"]
[Black "chesstatour"]
[Result "1-0"]
[WhiteElo "2292"]
[BlackElo "2002"]
[TimeControl "180+2"]
[EndTime "14:45:48 PDT"]
[Termination "GCamachoMartinez won by resignation"]

1. d4 e6 2. c4 b6 3. e4 Bb7 4. Bd3 f5 5. exf5 Bxg2 6. Qh5+ g6 7. fxg6 Nf6 8. g7+ Nxh5 9. gxh8=Q Bxh1 10. Qxh7 Qh4 11.
Bg6+ Kd8 12. Qxh5 Qxd4 13. Nc3 Nc6 14. Nge2 Qg7 15. Bg5+ Kc8 16. O-O-O Ne5 17. Rxh1 Nxg6 18. Qf3 Rb8 19. h4 Ne5 20. Qf6 Nxc4 21. Qxg7 Bxg7 22. h5 Kb7 23. h6 Bh8 24. b3 Nd6 25.
h7 Rf8 26. f4 Rf7 27. Nd1 Nf5 28. Nf2 d6 29. Ng4 Ng7 30. Bf6 Kc6 31. Ng3 Kd5 32. Nh5 Nxh5 33. Rxh5+ e5 34. fxe5 dxe5 35. Rxe5+ Kc6 36.
Bxh8 1-0

[Event "*** Titled Tuesday Blitz"]
[Site "Chess.com"]
[Date "2018.10.02"]
[Round "8"]
[White "Indianlad"]
[Black "DanielNaroditsky"]
[Result "0-1"]
[WhiteElo "2814"]
[BlackElo "2969"]
[TimeControl "180+2"]
[EndTime "14:45:49 PDT"]
[Termination "DanielNaroditsky won by resignation"]

1. d4 Nf6 2. c4 g6 3. g3 Bg7 4. Bg2 O-O 5. Nc3 d6 6. Nf3 Nbd7 7. O-O e5 8. e4 c6 9. h3 Qa5 10. Re1 exd4 11. Nxd4 Re8 12. Nb3 Qc7 13. Bf4 Ne5 14. c5 dxc5 15. Nxc5 Qe7 16. Nd3 Nfd7 17. Nxe5 Nxe5 18.
Qc2 Be6 19. Rad1 Rad8 20. b3 Qb4 21. Rxd8 Rxd8 22. Rd1 Rxd1+ 23. Nxd1 h6 24. Bd2 Qd6 25. Bc3 Qc5 26. Qd2 Nd7 27. Bxg7 Kxg7 28. Ne3 Nf6 29. f4 Kg8 30. Kh2 Qe7 31. e5 Nd7 32. b4 Nb6 33. g4 Qd7 34. Qc3 Bxa2 35. f5 Bd5 36.
Bf1 Qe7 37. Qd4 Nd7 38. Nxd5 cxd5 39. e6 fxe6 40. fxg6 Qf6 41. Qd3 Ne5 42. Bg2 Nxd3 0-1

[Event "*** Titled Tuesday Blitz"]
[Site "Chess.com"]
[Date "2018.10.02"]
[Round "8"]
[White "MatthewG-p4p"]
[Black "Morshynska"]
[Result "1-0"]
[WhiteElo "2647"]
[BlackElo "2086"]
[TimeControl "180+2"]
[EndTime "14:45:53 PDT"]
[Termination "MatthewG-p4p won by checkmate"]

1. Nf3 Nf6 2. c4 e6 3. g3 b6 4. Bg2 Bb7 5. O-O Be7 6. Re1 O-O 7. Nc3 Bb4 8. Na4 d5 9. a3 Bd6 10. cxd5 exd5 11. b4 a5 12. b5 Nbd7 13. d3 Qe7 14. Bb2 Rfe8 15. Nd4 g6 16. Rc1 Rac8 17. Qb3 Nc5 18.
Nxc5 Bxc5 19. Nc6 Bxc6 20. bxc6 d4 21. h3 h5 22. Qa4 Rcd8 23. Rc4 h4 24. g4 Qe5 25. e3 Qd6 26. e4 g5 27. Rf1 Nh7 28. f4 gxf4 29. Bc1 Nf8 30. Bxf4 Qe7 31. Bc1 Ng6 32. Qd1 Bxa3 33. Bh6 Bd6 34. Rc2 Qe5 35.
Rf5 Qh2+ 36. Kf1 Nf4 37. Bxf4 Bxf4 38. Rf2 Be3 39. Qb3 Re7 40. Rxf7 Rxf7 41. Qxf7+ Kh8 42. Qf6+ Kh7 43. Qe7+ Kg6 44. Rf6+ Kg5 45. Qg7# 1-0

[Event "*** Titled Tuesday Blitz"]
[Site "Chess.com"]
[Date "2018.10.02"]
[Round "8"]
[White "grzechu96"]
[Black "ShimanovAlex"]
[Result "1-0"]
[WhiteElo "2564"]
[BlackElo "2722"]
[TimeControl "180+2"]
[EndTime "14:45:54 PDT"]
[Termination "grzechu96 won by resignation"]

1. e4 c6 2. d4 d5 3. exd5 cxd5 4. Bd3 Nc6 5. c3 Nf6 6. Bf4 Bg4 7. Qb3 Qd7 8. Nd2 e6 9. Ngf3 Bd6 10. Bxd6 Qxd6 11. O-O O-O 12. Rae1 Bxf3 13. Nxf3 Qc7 14. Ne5 Nxe5 15.
Rxe5 Rab8 16. f4 g6 17. Qd1 b5 18. a3 a5 19. f5 exf5 20. Bxf5 gxf5 21. Rexf5 Ne4 22.
Qg4+ Kh8 23. Rxd5 Rbe8 24. Rxb5 Nd2 25. Rd1 f5 26. Rxf5 Rg8 27. Qh5 Qb7 28. Rxd2 Re1+ 29. Kf2 Qe4 30. Qf3 Qh4+ 31. g3 Qe7 32. Rf7 Qe6 33.
Qf6+ Qxf6+ 34. Rxf6 Rh1 35. Kg2 Re1 36. Rdf2 Rd8 37.
Rf8+ Rxf8 38. Rxf8+ Kg7 39. Rf2 Re2 1-0

[Event "*** Titled Tuesday Blitz"]
[Site "Chess.com"]
[Date "2018.10.02"]
[Round "8"]
[White "Ramosha"]
[Black "EndgameGrinder"]
[Result "1-0"]
[WhiteElo "2483"]
[BlackElo "2491"]
[TimeControl "180+2"]
[EndTime "14:45:57 PDT"]
[Termination "Ramosha won by resignation"]

1. d4 Nf6 2. Nf3 e6 3. c4 Bb4+ 4. Bd2 a5 5. g3 d6 6. Bg2 Nbd7 7.
O-O e5 8. Bg5 exd4 9. Nxd4 h6 10. Bc1 O-O 11. b3 Nb6 12. Bb2 d5 13. cxd5 Nbxd5 14. e4 Nb6 15. e5 Ng4 16. e6 fxe6 17. Qxg4 e5 18. Ne6 Qf6 19. Qxg7+ Qxg7 20. Nxg7 Kxg7 21. Bxe5+ Kg6 22. Bxc7 Bc5 23. Nc3 Bf5 24. Bxb6 Bxb6 25. Nd5 Bc5 26. Rac1 Rac8 27. Nf4+ Kh7 28. Bxb7 Rc7 29.
Bd5 Rfc8 30. Kg2 Rd8 31. Be6 Be4+ 32. f3 Rd2+ 33. Kh3 Bb7 34. Bf5+ Kh8 35. Ne6 Bc8 36. Nxc7 Bxf5+ 37. g4 Bd6 38. gxf5 Rxh2+ 39. Kg4 Rg2+ 40.
Kh5 Kh7 41. f4 Rg3 42. Ne8 1-0

[Event "*** Titled Tuesday Blitz"]
[Site "Chess.com"]
[Date "2018.10.02"]
[Round "8"]
[White "Vamostodorecto"]
[Black "ruvat"]
[Result "1-0"]
[WhiteElo "2415"]
[BlackElo "2293"]
[TimeControl "180+2"]
[EndTime "14:45:58 PDT"]
[Termination "Vamostodorecto won on time"]

1. d4 d6 2. c4 e5 3. Nf3 e4 4. Ng5 Nf6 5. Nc3 Qe7 6. Qc2 Nc6 7. e3 Bf5 8. f3 Nxd4 9. Qf2 exf3 10. e4 fxg2 11.
Bxg2 c5 12. O-O Be6 13. Nd5 Bxd5 14. exd5 O-O-O 15. Re1 Qc7 16. b4 h6 17. Nh3 Ng4 18. Qg3 Ne5 19. bxc5 Nc2 20. Bb2 Qxc5+ 21. Kh1 Nxe1 22.
Rxe1 Be7 23. Nf4 g5 24. Nd3 Nxd3 25. Qxd3 Rhe8 26. Bd4 Qa5 27. Rc1 Kb8 28. Qf5 Bf8 29. Qxf7 Re1+ 30. Rxe1 Qxe1+ 31. Bg1 Be7 32. c5 Qe5 33. c6 Qf6 34. Qh7 Rh8 35. Qb1 b6 36. Bxb6 1-0

[Event "*** Titled Tuesday Blitz"]
[Site "Chess.com"]
[Date "2018.10.02"]
[Round "8"]
[White "m3alam"]
[Black "DishonorOnYourCow"]
[Result "0-1"]
[WhiteElo "2136"]
[BlackElo "2268"]
[TimeControl "180+2"]
[EndTime "14:46:08 PDT"]
[Termination "DishonorOnYourCow won by resignation"]

1. d4 Nf6 2. c4 g6 3. Nc3 d5 4.
Nf3 Bg7 5. Bf4 O-O 6. e3 c5 7. dxc5 Qa5 8. cxd5 Nxd5 9. Be5 Nxc3 10. Qd2 Bxe5 11. Nxe5 Qxc5 12. Qxc3 Qxc3+ 13. bxc3 Bf5 14. f3 Nd7 15. Nc4 Rac8 16. Rc1 Be6 17. Na5 b6 18. Nb3 Nc5 19. Nd4 Bxa2 20. Ra1 Bd5 21. Rxa7 e5 22. Nb5 e4 23. Be2 Ra8 24. Rxa8 Rxa8 25. O-O Ra2 26. Re1 Rc2 27. Kf1 Na4 28. Rd1 Bb3 29.
Rd8+ Kg7 30. Nd4 Rxc3 31. Nxb3 Rxb3 32. Bd1 Rb1 33. Kf2 Nc3 34. Bc2 Rb2 35. Rd2 exf3 36.
Kxf3 b5 37. Rf2 b4 38. Bd3 Rxf2+ 39. Kxf2 b3 40. Ke1 b2 41. Kd2 b1=Q 42. Bxb1 Nxb1+ 43. Kc2 Na3+ 44. Kd3 Nb5 0-1

[Event "*** Titled Tuesday Blitz"]
[Site "Chess.com"]
[Date "2018.10.02"]
[Round "8"]
[White "Thjop"]
[Black "dretch"]
[Result "0-1"]
[WhiteElo "2625"]
[BlackElo "2774"]
[TimeControl "180+2"]
[EndTime "14:46:09 PDT"]
[Termination "dretch won by resignation"]

1. e4 e6 2. d4 d5 3. Nd2 c5 4. Ngf3 cxd4 5. exd5 Qxd5 6. Bc4 Qd6 7. O-O Nf6 8. Nb3 Nc6 9. Nbxd4 Nxd4 10. Nxd4 Be7 11. c3 O-O 12. Qf3 Qc5 13. Bb3 Qh5 14.
Qxh5 Nxh5 15. Be3 Bd7 16. Rfd1 Rfd8 17. Rd2 Nf6 18. f3 e5 19. Ne2 Bb5 20. Rad1 a5 21.
Rxd8+ Bxd8 22. Kf2 a4 23. Bc2 Be7 24. Ng3 Bc4 25. a3 Nd5 26. Nf5 Bf8 27. Be4 Nxe3 28.
Nxe3 Bc5 29. Rd7 Rb8 30. Bd5 b5 31. g3 g6 32. Bxc4 bxc4 33. Rd2 f5 34. Ke2 Bxe3 35.
Kxe3 Kf7 36. h4 Ke6 37. Ke2 Rb5 38. Ke3 Rd5 39. Rxd5 Kxd5 40. f4 Ke6 41. Kf3 Kf6 42. Ke3 h6 43. Kf3 exf4 44. gxf4 g5 45. hxg5+ hxg5 46.
fxg5+ Kxg5 47. Ke3 f4+ 48. Kf3 Kf5 49. Kf2 Ke4 50.
Ke2 f3+ 51. Kf2 Kf4 52. Kf1 Ke3 53. Ke1 f2+ 54. Kf1 Kf3 55. b4 axb3 0-1

[Event "*** Titled Tuesday Blitz"]
[Site "Chess.com"]
[Date "2018.10.02"]
[Round "8"]
[White "albi1999"]
[Black "Cryptinz"]
[Result "1-0"]
[WhiteElo "2401"]
[BlackElo "2357"]
[TimeControl "180+2"]
[EndTime "14:46:09 PDT"]
[Termination "albi1999 won by resignation"]

1. d4 d5 2. c4 e6 3. Nf3 Nf6 4. g3 Bb4+ 5. Bd2 Qe7 6. Bg2 O-O 7. O-O dxc4 8. Qc2 a6 9. Qxc4 Bxd2 10. Nbxd2 b5 11. Qc2 Bb7 12. Rac1 Nc6 13. e3 Rac8 14. Nb3 Nb4 15. Qc5 Qxc5 16. Nxc5 Bxf3 17. Bxf3 Nxa2 18.
Ra1 Nb4 19. Nxa6 Nxa6 20. Rxa6 c5 21. dxc5 Rxc5 22. Rb6 Rfc8 23. b4 Rf5 24. Bg2 Nd5 25.
Rxb5 Nxe3 26. Rxf5 Nxf5 27. b5 Rb8 28. Rb1 Rb6 29.
Bf1 g5 30. f3 Kf8 31. Kf2 Ke7 32. Ra1 Nd4 33. Ra6 Rb7 34. Ra5 Kd6 35. Ke3 e5 36. Ra6+ Kc5 37. Rf6 Nxb5 38. Bxb5 Kxb5 39. Ke4 Kc4 40.
Kxe5 Kd3 41. Kf5 Rb2 42. h3 h6 43. Rxf7 Ke3 44. Kg4 Rg2 45. f4 h5+ 46. Kxh5 Rxg3 47.
fxg5 Rxh3+ 48. Kg6 Ke4 49. Kg7 Ke5 50. Rf6 Rh5 51. g6 Rh1 52. Kf7 Ra1 53. Rb6 Ra7+ 54. Kg8 Kf5 55. g7 Ra1 56. Kh7 Ra7 57. Kh8 1-0